 Dungeon Crawl Stone Soup version 0.17-a0-1719-g1afd5a1 (webtiles) character file.

2791 shakdrar the Grappler (level 9, -3/79 HPs)
             Began as a Troll Monk on Aug 28, 2015.
             Was a Believer of Makhleb.
             Slain by an orc
             ... wielding a +0 flail
              (8 damage)
             ... on level 8 of the Dungeon.
             The game lasted 00:35:39 (7091 turns).

shakdrar the Grappler (Troll Monk)                  Turns: 7091, Time: 00:35:39

Health: -3/79      AC:  5    Str: 21    XL:     9   Next: 43%
Magic:  12/12      EV: 11    Int:  6    God:    Makhleb [**....]
Gold:   361        SH:  0    Dex: 15    Spells: 0 memorised, 8 levels left

rFire  . . .     SeeInvis .       - Unarmed
rCold  . . .     Clarity  .     a - +0 robe
rNeg   . . .     SustAt   .     (no shield)
rPois  +         Gourm    +     (helmet restricted)
rElec  .         Spirit   .     (no cloak)
rCorr  .         Warding  .     (gloves unavailable)
rMut   .         Stasis   .     (boots unavailable)
MR     .....                    (no amulet)
Stlth  ++........               j - ring of poison resistance
                                f - ring of flight

@: not resistant to hostile enchantments, unstealthy
A: unfitting armour, claws 3, talons 1, fast metabolism 3, frail 1, gourmand,
regeneration 2, shaggy fur 1, tough skin 2, no device heal 1
a: Minor Destruction, Renounce Religion, Evoke Flight


You were on level 8 of the Dungeon.
You worshipped Makhleb.
Makhleb was pleased with you.
You were full.

You visited 1 branch of the dungeon, and saw 8 of its levels.
You also visited: Sewer and Ossuary.

You collected 361 gold pieces.

Inventory:

Hand weapons
 d - a +1 hunting sling of flaming
Missiles
 i - 243 stones (quivered)
Armour
 a - a +0 robe (worn)
Jewellery
 c - an uncursed amulet of rage
 f - a ring of flight (left claw)
 j - a ring of poison resistance (right claw)
 l - a +2 ring of strength
 q - an uncursed ring of ice
 C - an uncursed ring of sustain attributes
 E - an uncursed ring of see invisible
Magical devices
 e - a wand of slowing (22)
 p - a wand of fire (7)
Scrolls
 g - 3 scrolls of teleportation
 k - a scroll of fear
 m - a scroll of fog
 u - 2 scrolls of blinking
 x - 2 scrolls of enchant weapon
 y - 3 scrolls of remove curse
 D - a scroll of amnesia
Potions
 h - 6 potions of curing
 o - a potion of haste
 r - 4 potions of might
 t - 2 potions of agility
 v - 2 potions of flight
 w - 2 potions of brilliance
 A - a potion of cancellation
 B - 3 potions of berserk rage
Comestibles
 b - 4 bread rations
 n - 4 meat rations
 s - a slice of pizza


   Skills:
 - Level 5.4 Fighting
 - Level 2.5 Dodging
 - Level 1.1 Stealth
 - Level 8.9 Unarmed Combat
 + Level 1.3 Invocations
 - Level 6.2 Evocations


You had 8 spell levels left.
You didn't know any spells.

Dungeon Overview and Level Annotations

Branches:
Dungeon (8/15)             Temple (0/1) D:7
   Lair: D:8-11

Altars:
Gozag
Makhleb
Vehumet
Yredelemnul
Zin
The Shining One

Shops:
D:7 }


Innate Abilities, Weirdness & Mutations

You are too large for most types of armour.
You have claws for hands.
Your metabolism is lightning-fast.
You like to eat raw meat.
You heal very quickly.
You are covered in fur (AC +1).
You have very tough skin (AC +2).
You have sharp toenails.
You are frail (-10% HP).
Potions and wands are less effective at restoring your health.


Message History

* * * LOW HITPOINT WARNING * * *
The orc priest hits the plant but does no damage.
The orc hits you with a hand axe.
* * * LOW HITPOINT WARNING * * *
You scratch the orc priest. Your kick misses the orc priest.
The orc priest is severely wounded.
The orc barely misses you. The orc priest closely misses you.
Something hits you but does no damage. The orc hits you with a flail.
* * * LOW HITPOINT WARNING * * *
The orc priest hits the plant but does no damage.
The orc hits you but does no damage.
You claw the orc priest!
You kill the orc priest!
Makhleb accepts your kill. The orc barely misses you.
Something hits you but does no damage.
You claw the orc!
You kill the orc!
Makhleb accepts your kill. The orc hits you with a flail!
You die...

+...... #......
..... #...#####+#
#......##.####+##
#......##........
#######...##.!......
......#....)oo..?...
...........#@.l.....
...........{))......
.......<.......P....
.................P..
.........P..PPPP.[P.
###........P....P...
#.......PPPP.P.P..
#......PPPo..PP.P.
#....oPP..PPP


You could see an iguana, an orc priest and 2 orcs.

Vanquished Creatures
  Menkaure (D:4)
  Duvessa (D:6)
  An ice beast (D:7)
  An ogre (D:5)
  A centaur (D:6)
  2 elf zombies (Ossuary)
  2 big kobolds (Sewer)
  4 giant frogs
  Dowan (D:6)
  A scorpion (D:5)
  4 crimson imps
  5 orc priests
  7 orc wizards
  2 giant frog zombies
  3 centaur skeletons
  A gnoll shaman (D:7)
  4 centaur zombies
  A giant frog skeleton (D:7)
  A jelly (D:7)
  3 hounds
  Terence (D:2)
  4 worker ants
  4 big kobold zombies (Ossuary)
  A hound skeleton (D:4)
  2 mummies (Ossuary)
  Robin (D:4)
  13 adders
  12 gnolls
  A shadow imp (D:7)
  11 river rats
  2 worms (D:2)
  2 giant geckos (D:1)
  18 orcs
  8 bats
  11 giant cockroaches
  16 goblins
  13 hobgoblins
  16 jackals
  20 kobolds
  2 quokkas
  6 ball pythons
  4 giant newts
  2 goblin skeletons (D:4)
  A goblin zombie (D:4)
  11 hobgoblin zombies
  A jackal zombie (Ossuary)
  10 kobold zombies (Ossuary)
  An orc skeleton (D:4)
  7 orc zombies (Ossuary)
  A quokka skeleton (D:5)
  50 rats
  A spectral orc (D:6)
299 creatures vanquished.

Notes
Turn   | Place    | Note
--------------------------------------------------------------
     0 | D:1      | shakdrar the Troll Monk began the quest for the Orb.
     0 | D:1      | Reached XP level 1. HP: 22/22 MP: 0/0
    56 | D:1      | Reached XP level 2. HP: 21/29 MP: 1/1
   192 | D:1      | Reached XP level 3. HP: 32/36 MP: 2/2
   595 | D:1      | Found a basalt altar of Yredelemnul.
   970 | D:2      | Reached skill level 5 in Unarmed Combat
   970 | D:2      | Reached XP level 4. HP: 40/45 MP: 3/3
  1406 | D:2      | Noticed Terence
  1411 | D:2      | Killed Terence
  1689 | D:3      | Reached XP level 5. HP: 53/53 MP: 4/4
  1766 | D:3      | Found an opulent altar of Gozag.
  1890 | D:3      | Reached skill level 6 in Unarmed Combat
  2144 | D:4      | Found a glowing golden altar of the Shining One.
  2148 | D:4      | Reached XP level 6. HP: 62/62 MP: 5/5
  2380 | D:4      | Found a glowing silver altar of Zin.
  2406 | D:4      | Noticed Robin
  2412 | D:4      | Killed Robin
  2626 | D:4      | Noticed Menkaure
  2648 | D:4      | Killed Menkaure
  2648 | D:4      | Reached skill level 7 in Unarmed Combat
  2695 | D:4      | Reached XP level 7. HP: 70/70 MP: 6/6
  3042 | D:5      | Entered Level 5 of the Dungeon
  3057 | D:5      | Reached skill level 8 in Unarmed Combat
  3243 | D:5      | Reached skill level 5 in Fighting
  3246 | D:5      | Found a glowing drain.
  3265 | Sewer    | Entered a sewer
  3307 | Sewer    | Reached XP level 8. HP: 74/80 MP: 7/7
  4052 | D:5      | Reached skill level 1 in Evocations
  4775 | D:6      | Found a basalt altar of Yredelemnul.
  4878 | D:6      | Found a basalt altar of Yredelemnul.
  4891 | D:6      | Noticed Dowan
  4894 | D:6      | Noticed Duvessa
  4910 | D:6      | Killed Dowan
  4918 | D:6      | Killed Duvessa
  4986 | D:6      | Found a sand-covered staircase.
  4998 | Ossuary  | Entered an ossuary
  5223 | Ossuary  | Gained mutation: You have sharp toenails. [potion of mutation]
  5223 | Ossuary  | Gained mutation: You are frail (-10% HP). [potion of mutation]
  5223 | Ossuary  | Gained mutation: Potions and wands are less effective at restoring your health. [potion of mutation]
  5348 | D:6      | Reached XP level 9. HP: 79/79 MP: 11/11
  5431 | D:6      | Reached skill level 5 in Evocations
  6141 | D:7      | Found a staircase to the Ecumenical Temple.
  6714 | D:7      | Found Lirioczom's Gadget Shop.
  6859 | D:7      | Found a burning altar of Makhleb.
  6859 | D:7      | Found a radiant altar of Vehumet.
  6871 | D:7      | Became a worshipper of Makhleb the Destroyer
  6871 | D:7      | Acquired Makhleb's first power
  6871 | D:7      | Acquired Makhleb's second power
  7082 | D:8      | Reached skill level 1 in Invocations
  7085 | D:8      | HP: 3/79 [orc/flail (4)]
  7091 | D:8      | Slain by an orc

Vault maps used:
D:1:      nicolae_arrival_washed_ashore, serial_curves, eino_curves_03,
          eino_curves_03, kennysheep_flooded_box
D:2:      uniq_terence
D:3:      grunt_gozag_statues
D:4:      kennysheep_mini, nicolae_tso_besieged_by_evil, first_bread,
          uniq_robin, uniq_menkaure
D:5:      lemuel_ratsnest, gup_sewer_entry_glass
D:6:      yredelemnul_forgotten_temple_becter, enter_ossuary_3, basic_altar,
          uniq_duvessa
D:7:      grunt_temple_overflow_lords_of_destruction,
          minmay_temple_entry_from_below_b, serial_shops,
          nicolae_shop_behind_doors
D:8:      nicolae_ru_great_annihilating_truth, due_lair_maze_entry_diamond,
          uniq_gastronok, uniq_erolcha
Sewer:    sewer_minmay_treatment
Ossuary:  ossuary_tomb_1

Action                   |  1- 3 |  4- 6 |  7- 9 || total
-------------------------+-------+-------+-------++-------
Melee: Unarmed           |    91 |   171 |   502 ||   764
  Use: Scroll            |     5 |     7 |     8 ||    20
       Potion            |     3 |     6 |     7 ||    16
 Stab: Distracted        |     1 |     1 |     1 ||     3
       Sleeping          |     3 |       |     5 ||     8
       Invisible         |       |       |     1 ||     1
  Eat: Chunk             |     9 |    18 |    37 ||    64
       Pizza             |       |       |     2 ||     2
       Royal jelly       |       |       |     1 ||     1
